 Dungeon Crawl Stone Soup version 0.19-a0-1337-g9bf5fb0 (webtiles) character file.

401 MackTheKnife the Shooter (level 6, -3/47 HPs)
             Began as a Centaur Arcane Marksman on Sept 1, 2016.
             Was an Initiate of Fedhas.
             Slain by a killer bee (4 damage)
             ... on level 3 of the Dungeon.
             The game lasted 00:11:32 (5724 turns).

MackTheKnife the Shooter (Centaur Arcane Marksman)  Turns: 5724, Time: 00:11:32

Health: -3/47      AC:  5    Str: 11 (14) XL:     6   Next: 54%
Magic:  10/10      EV:  8    Int: 15 (17) God:    Fedhas [......]
Gold:   210        SH:  0    Dex:  8 (10) Spells: 2 memorised, 7 levels left

rFire  . . .     SeeInvis .     a - +0 shortbow
rCold  . . .     Gourm    .     F - +0 ring mail {rPois}
rNeg   . . .     Faith    .     (shield currently unavailable)
rPois  +         Spirit   .     (no helmet)
rElec  .         Dismiss  .     (no cloak)
rCorr  .         Reflect  .     (no gloves)
MR     .....     Harm     .     (no barding)
Stlth  +.........               (no amulet)
                                (no ring)
                                C - ring of stealth {Stlth+}

@: brilliant, about to teleport, very quick
A: hooves 3, deformed body, speed 2, tough skin 3
a: Renounce Religion


You were on level 3 of the Dungeon.
You worshipped Fedhas.
Fedhas was noncommittal.
You were not hungry.

You visited 2 branches of the dungeon, and saw 5 of its levels.

You collected 210 gold pieces.

Inventory:

Hand Weapons
 a - a +0 shortbow (weapon)
 b - a +2 whip of draining
   (You took it off a kobold on level 2 of the Dungeon)
 E - a +0 hand axe of electrocution
   (You took it off an orc on level 4 of the Dungeon)
Missiles
 d - 30 arrows (quivered)
Armour
 w - a +0 leather armour
   (You found it on level 2 of the Dungeon)
 F - a +0 ring mail of poison resistance (worn)
   (You took it off an orc on level 4 of the Dungeon)
Jewellery
 q - an uncursed ring of fire {rF+, rC-}
   (You found it on level 1 of the Dungeon)
 C - a ring of stealth (left hand) {Stlth+}
   (You found it on level 3 of the Dungeon)
Scrolls
 i - a scroll of recharging {unknown}
 k - 5 scrolls of remove curse
 m - a scroll of noise {unknown}
 o - 2 scrolls of magic mapping {unknown}
 x - a scroll of amnesia
 y - a scroll of identify
 B - 2 scrolls of teleportation
Potions
 e - a potion of lignification {unknown}
 l - a potion of invisibility {unknown}
 n - a potion of berserk rage {unknown}
 s - 4 potions of curing
 u - 2 potions of degeneration {!q}
 v - a potion of heal wounds {unknown}
 D - a potion of flight {unknown}
Books
 c - a book of Debilitation
 z - a book of the Sky
   (You found it on level 3 of the Dungeon)
Comestibles
 f - 2 bread rations {@e1}
 g - a royal jelly
 h - 4 meat rations {@e2}
 p - a beef jerky
 t - a slice of pizza
 A - 5 fruits


   Skills:
 - Level 1.0 Fighting
 - Level 6.2 Bows
 - Level 1.3 Dodging
 + Level 2.7 Spellcasting
 + Level 4.4 Hexes


You had 7 spell levels left.
You knew the following spells:

 Your Spells              Type           Power        Failure   Level  Hunger
s - Slow                  Hex            ###.....     1%          2    ##.....
v - Corona                Hex            ###....      1%          1    #......


Dungeon Overview and Level Annotations

Branches:
Dungeon (4/15)             Temple (1/1) D:4

Altars:
Ashenzari
Cheibriados
Dithmenos
Elyvilon
Fedhas
Gozag
Kikubaaqudgha
Nemelex Xobeh
Okawaru
Qazlal
Ru
Sif Muna
Trog
Uskayaw
Vehumet
Xom
Yredelemnul

Annotations:
D:3 ldierk's ghost, amateur HOFi
D:4 Eustachio


Innate Abilities, Weirdness & Mutations

You have hooves in place of feet.
Armour fits poorly on your strangely shaped body.
You cover ground very quickly.
You have extremely tough skin. (AC +3)


Message History

The bat barely misses you. The bat hits you but does no damage.
The bat hits you but does no damage. The bat closely misses you.
The bat hits you but does no damage. The bat hits you.
* * * LOW HITPOINT WARNING * * *
You take 1 damage, and have 7/47 hp.
The bat hits you but does no damage. The bat barely misses you.
The bat barely misses you. The bat hits you but does no damage.
The bat hits you but does no damage.
There is a stone staircase leading up here.
The bat barely misses you. The bat hits you but does no damage.
You climb upwards.
Level annotation: ldierk's ghost, amateur HOFi
There is a stone staircase leading down here.
You start resting.
Your magical contamination has completely faded away.
You regained 2 hp, and now have 10/47 hp.
Unknown command.
You start resting.
All of the chunks of flesh in your inventory have rotted away.
A killer bee comes into view.
You regained 11 hp, and now have 21/47 hp.
MP restored: 10 Unknown command.
The killer bee buzzes angrily.
Wield which item (- for none, * to show all)? (? for menu, Esc to quit)
Okay, then.
Wield which item (- for none, * to show all)? (? for menu, Esc to quit)
a - a +0 shortbow (weapon)
Aim: a killer bee (chance to defeat MR: 57%)
The killer bee is outlined in light.
You now have 9/10 mp.
You are too injured to fight recklessly!
Aim: a killer bee (softly glowing)
You shoot an arrow.
The arrow closely misses the killer bee.
A killer bee comes into view.
Aim: a killer bee (softly glowing)
You shoot an arrow.
The arrow closely misses the killer bee.
The arrow barely misses the killer bee.
The killer bee stings you. x2
You take 5 damage, and have 17/47 hp.
Aim: a killer bee (softly glowing)
You shoot an arrow.
The arrow closely misses the killer bee.
The arrow hits the killer bee.
The killer bee barely misses you. The killer bee stings you.
* * * LOW HITPOINT WARNING * * *
You take 5 damage, and have 12/47 hp.
As you read the scroll labeled BIL INENUMU, it crumbles to dust.
It is a scroll of identify.
s - 5 potions of curing The killer bee barely misses you.
The killer bee stings you but does no damage.
You are too injured to fight recklessly!
Aim: a killer bee (softly glowing)
You shoot an arrow. The arrow barely misses the killer bee.
The arrow closely misses the killer bee.
The killer bee stops glowing.
The killer bee stings you.
* * * LOW HITPOINT WARNING * * *
The killer bee closely misses you.
You take 6 damage, and have 6/47 hp.
It was a potion of degeneration.
There was something very wrong with that liquid.
You feel weakened.
You feel dopey.
You feel clumsy. The killer bee completely misses you.
The killer bee barely misses you.
It was a potion of brilliance.
You feel clever all of a sudden.
The killer bee stings you but does no damage.
The killer bee stings you.
* * * LOW HITPOINT WARNING * * *
You take 4 damage, and have 2/47 hp.
MP restored: 10 You feel better.
The killer bee barely misses you. x2
You regained 6 hp, and now have 8/47 hp.
As you read the scroll labeled KUCVEGY ZICANT, it crumbles to dust.
It is a scroll of amnesia.
Forget which spell ([?*] list [ESC] exit)?
Forget which spell ([?*] list [ESC] exit)?
Okay, then.
The killer bee stings you.
* * * LOW HITPOINT WARNING * * *
The killer bee stings you.
* * * LOW HITPOINT WARNING * * *
You take 7 damage, and have 1/47 hp.
Unknown command.
Unknown command.
As you read the scroll labeled GOUTIEKLAROV, it crumbles to dust.
The creatures around you are filled with an inner flame!
It was a scroll of immolation.
The killer bee closely misses you. x2
As you read the scroll labeled FESUST JEKO, it crumbles to dust.
You feel strangely unstable.
It was a scroll of teleportation.
The killer bee stings you.
You die...
Fedhas appreciates your contribution to the ecosystem.

#####........##.###.#.##[##.#
.............#...##.#.##.##.#
#######..#.....#............#
#..#.###...##.####.####
#..#.# ######.# #..#
#..#.########.# ##.#
#..#(.........# #.#
#..#######.#### #^# #..###
#@# #.# #....# #y# #.# ##.#.#
#y# #.# #[#.# #.# #.# #.#.#
#(# #.# #.#.## #.# #.#
#....####.### #.#
#........(..######.#
##...####.#..>.....#


You could see 2 killer bees.

Vanquished Creatures
  An ogre (D:4)
  A hound (D:4)
  An orc wizard (D:4)
  3 worker ants (D:4)
  A hound skeleton (D:4)
  3 adders
  3 gnolls (D:4)
  2 oozes
  An adder skeleton (D:4)
  6 worms
  A dart slug (D:1)
  2 giant geckos (D:4)
  9 orcs (D:4)
  2 giant cockroaches
  4 goblins
  7 hobgoblins
  3 jackals
  2 quokkas
  2 ball pythons (D:1)
  7 bats
  5 giant newts
  15 kobolds
  8 rats
89 creatures vanquished.

Vanquished Creatures (others)
  11 toadstools (D:4)
11 creatures vanquished.

Grand Total: 100 creatures vanquished

Notes
Turn   | Place    | Note
-------+----------+-------------------------------------------
     0 | D:1      | MackTheKnife the Centaur Arcane Marksman began the quest for the Orb.
     0 | D:1      | Reached XP level 1. HP: 16/16 MP: 2/2
   100 | D:1      | Reached skill level 3 in Bows
   458 | D:1      | Reached XP level 2. HP: 22/23 MP: 3/3
   487 | D:1      | Learned a level 2 spell: Slow
   661 | D:1      | Reached skill level 4 in Bows
  1201 | D:2      | Reached XP level 3. HP: 13/28 MP: 4/4
  1487 | D:2      | Reached skill level 5 in Bows
  2177 | D:2      | HP: 7/28 [kobold/short sword (3)]
  2420 | D:2      | Reached XP level 4. HP: 32/35 MP: 5/5
  2588 | D:2      | Reached skill level 6 in Bows
  3005 | D:3      | Noticed ldierk's ghost (amateur HOFi)
  3072 | D:3      | HP: 8/35 [worm (5)]
  4041 | D:4      | Reached skill level 3 in Hexes
  4134 | D:4      | Found a staircase to the Ecumenical Temple.
  4140 | Temple   | Entered the Ecumenical Temple
  4247 | Temple   | Became a worshipper of Fedhas Madash
  4355 | D:4      | Reached XP level 5. HP: 24/40 MP: 5/7
  4580 | D:4      | Reached skill level 2 in Spellcasting
  4832 | D:4      | Reached XP level 6. HP: 33/47 MP: 9/9
  5049 | D:4      | Reached skill level 4 in Hexes
  5445 | D:4      | Noticed Eustachio
  5597 | D:4      | HP: 11/47 [iron imp[Eustachio] (3)]
  5610 | D:4      | HP: 8/47 [bat[Eustachio] (1)]
  5617 | D:4      | HP: 7/47 [bat[Eustachio] (1)]
  5718 | D:3      | HP: 6/47 [killer bee (6)]
  5720 | D:3      | HP: 2/47 [killer bee (4)]
  5724 | D:3      | Slain by a killer bee

Vault maps used:
D:1:      minmay_arrival_stair_chambers, hangedman_abyss_or_decor_stabs
D:2:      minmay_wonky_spiral, minmay_goblin_kobold_house
D:4:      hangedman_feature_mirror, uniq_eustachio
Temple:   roderic_octagonal_lattice_temple

Skill      XL: |  1  2  3  4  5  6 |
---------------+-------------------+-----
Bows           | 3 4 5 6 |  6.2
Hexes          | 3 4 |  4.4
Spellcasting   | 2 |  2.7
Fighting       | |  1.0
Dodging        | |  1.3

Action                   |  1- 3 |  4- 6 || total
-------------------------+-------+-------++-------
Melee: Dagger            |    26 |       ||    26
       Unarmed           |    10 |       ||    10
       Kick              |    27 |    24 ||    51
       Hand axe          |    99 |       ||    99
       Whip              |     8 |   150 ||   158
 Fire: Shortbow          |    58 |    27 ||    85
 Cast: Corona            |     2 |     4 ||     6
       Slow              |     2 |     7 ||     9
  Use: Scroll            |       |     5 ||     5
       Potion            |       |     3 ||     3
 Stab: Sleeping          |       |     2 ||     2
  Eat: Chunk             |     3 |    10 ||    13
Armor: Robe              |    61 |       ||    61
       Leather armour    |     8 |    33 ||    41
       Ring mail         |       |    43 ||    43
Dodge: Dodged            |    81 |   102 ||   183

Vault maps used:
D:1:      minmay_arrival_stair_chambers, hangedman_abyss_or_decor_stabs
D:2:      minmay_wonky_spiral, minmay_goblin_kobold_house
D:4:      hangedman_feature_mirror, uniq_eustachio
Temple:   roderic_octagonal_lattice_temple

Table legend:
 A = Turns spent in this place as a percentage of turns spent in the entire game.
 B = Non-inter-level travel turns spent in this place as a percentage of non-inter-level travel turns spent in the entire game.
 C = Inter-level travel turns spent in this place as a percentage of turns spent in this place.
 D = Turns resting spent in this place as a percentage of non-inter-level travel turns spent in this place.
 E = Turns spent auto-exploring this place as a percentage of non-inter-level travel turns spent in this place.
 F = Non-inter-level travel turns spent in this place divided by the number of levels of this place that you've seen.
                   A       B       C       D       E      F
               +-------+-------+-------+-------+-------+----------------------
         Total | 100.0 | 100.0 |   0.4 |   2.5 |   7.4 | 327.8
       Dungeon |  92.7 |  92.7 |   0.4 |   2.7 |   8.0 | 380.0
        Temple |   7.3 |   7.3 |   0.8 |   0.0 |   0.0 | 119.0
               +-------+-------+-------+-------+-------+----------------------

Table legend:
 A = Kills in this place as a percentage of kills in entire the game.
 B = Kills by you in this place as a percentage of kills by you in the entire game.
 C = Kills by friends in this place as a percentage of kills by friends in the entire game.
 D = Other kills in this place as a percentage of other kills in the entire game.
 E = Experience gained in this place as a percentage of experience gained in the entire game.
 F = Experience gained in this place divided by the number of levels of this place that you have seen.
                   A       B       C       D       E      F
               +-------+-------+-------+-------+-------+----------------------
         Total | 100.0 | 100.0 |  -nan |  -nan | 100.0 | 114.6
       Dungeon | 100.0 | 100.0 |  -nan |  -nan | 100.0 | 143.2
               +-------+-------+-------+-------+-------+----------------------
